 Dungeon Sprint DCSS version 0.19-a0-1714-gcab94ab (webtiles) character file.

359 Theye the Carver (level 6, -3/50 HPs)
             Began as a Demonspawn Gladiator on Sept 28, 2016.
             Was a Follower of Okawaru.
             Slain by a hill giant
             ... wielding a +0 giant club
              (21 damage)
             ... in the Dungeon (Sprint IX: "|||||||||||||||||||||||||||||").
             The game lasted 00:00:54 (536 turns).

Theye the Carver (Demonspawn Gladiator)              Turns: 536, Time: 00:00:54

Health: -3/50      AC: 15    Str: 20    XL:     6   Next: 37%
Magic:  3/10       EV: 10    Int:  9    God:    Okawaru [*.....]
Gold:   0          SH:  0    Dex: 17    Spells: 0 memorised, 5 levels left

rFire  . . .     SeeInvis .     p - +2 scimitar (flame)
rCold  + . .     Gourm    .     s - +0 plate armour
rNeg   . . .     Faith    .     (no shield)
rPois  .         Spirit   .     c - +0 helmet
rElec  .         Dismiss  .     q - +0 cloak
rCorr  .         Reflect  .     (no gloves)
MR     .....     Harm     .     r - +0 pair of boots
Stlth  .......... NoTele   +    (no amulet)
                                t - +3 ring of strength
                                u - +3 ring of dexterity

@: exhausted, slowed, very slow
A: cold resistance 1, sturdy frame 1
a: Heroism, Renounce Religion


You were in the Dungeon.
You worshipped Okawaru.
Okawaru was aware of your devotion.
You were not hungry.

You visited 1 branch

Inventory:

Hand Weapons
 a - a +0 long sword
 p - a +2 scimitar of flaming (weapon)
Missiles
 d - 3 throwing nets (quivered)
Armour
 b - a +0 leather armour
 c - a +0 helmet (worn)
 q - a +0 cloak (worn)
 r - a +0 pair of boots (worn)
 s - a +0 plate armour (worn)
Jewellery
 t - a +3 ring of strength (right hand)
 u - a +3 ring of dexterity (left hand)
Wands
 o - a wand of iceblast (7/15)
Scrolls
 k - 2 scrolls of blinking
 m - 3 scrolls of remove curse
 n - 2 scrolls of amnesia
Potions
 e - 5 potions of curing
 g - 3 potions of heal wounds
 h - a potion of haste
 i - 4 potions of magic
 l - a potion of invisibility
Comestibles
 f - a bread ration


   Skills:
 + Level 4.8 Fighting
 * Level 9.6 Long Blades
 - Level 2.5 Throwing
 + Level 2.1 Armour
 + Level 5.9 Dodging
 * Level 5.8 Invocations


You had 5 spell levels left.
You didn't know any spells.

Dungeon Overview and Level Annotations

Branches:
Dungeon (1/1)

Altars:
Cheibriados
Dithmenos
Elyvilon
Fedhas
Gozag
Hepliaklqana
Kikubaaqudgha
Makhleb
Nemelex Xobeh
Okawaru
Qazlal
Ru
Sif Muna
Trog
Uskayaw
Vehumet
Xom
Yredelemnul
Zin
The Shining One
Beogh
Jiyva
Lugonu


Innate Abilities, Weirdness & Mutations

Your flesh is cold resistant. (rC+)
Your movements are slightly less encumbered by armour. (ER -2)


Message History

Your experience leads to an increase in your attributes!
Your base attributes are Str 16, Int 9, Dex 14.
Increase (S)trength, (I)ntelligence, or (D)exterity?
You feel stronger.
Your demonic ancestry asserts itself...
You feel less encumbered by your armour.
The hill giant hits you with a giant club!
You slash the hill giant! You burn the hill giant!
The hill giant is moderately wounded.
You barely miss the hill giant.
The hill giant is moderately wounded.
The hill giant hits you with a giant club!
You hit the hill giant. You burn the hill giant.
The hill giant is heavily wounded.
You are no longer berserk.
You are exhausted.
You feel yourself slow down.
You hit the hill giant. You burn the hill giant.
The hill giant is heavily wounded.
The hill giant hits you with a giant club!!
You die... ▓▓▓▓▓▓▓▓▓▓▓▓▓▓▓▓▓▓▓▓▓▓▓ ____.'..|).....'@CZ...+ ▓▓▓▓▓▓▓▓▓▓▓▓▓▓▓▓▓▓▓▓▓▓▓

You could see a hill giant and a bat skeleton.

Vanquished Creatures
  A troll (D)
  A bullfrog (D)
  A hound (D)
  A jelly (D)
  2 adder skeletons (D)
  2 orcs (D)
  3 bats (D)
  A bat zombie (D)
  A hobgoblin (D)
  A kobold (D)
14 creatures vanquished.

Notes
Turn   | Place    | Note
-------+----------+-------------------------------------------
     0 | D        | Theye the Demonspawn Gladiator began the quest for the Orb.
     0 | D        | Reached XP level 1. HP: 16/16 MP: 1/1
    11 | D        | Reached skill level 3 in Long Blades
   221 | D        | Noticed a hound
   224 | D        | Gained mutation: Your flesh is cold resistant. (rC+) [demonic ancestry]
   224 | D        | Reached XP level 2. HP: 23/23 MP: 2/2
   239 | D        | Reached skill level 4 in Long Blades
   239 | D        | Reached XP level 3. HP: 12/29 MP: 3/3
   366 | D        | Found a roughly hewn altar of Beogh.
   366 | D        | Found a snail-covered altar of Cheibriados.
   366 | D        | Found a shadowy altar of Dithmenos.
   366 | D        | Found a white marble altar of Elyvilon.
   366 | D        | Found a blossoming altar of Fedhas.
   366 | D        | Found an opulent altar of Gozag.
   367 | D        | Found a hazy altar of Hepliaklqana.
   368 | D        | Found a viscous altar of Jiyva.
   369 | D        | Found an ancient bone altar of Kikubaaqudgha.
   370 | D        | Found a corrupted altar of Lugonu.
   371 | D        | Found a burning altar of Makhleb.
   372 | D        | Found a sparkling altar of Nemelex Xobeh.
   373 | D        | Found an iron altar of Okawaru.
   374 | D        | Found a stormy altar of Qazlal.
   375 | D        | Found a sacrificial altar of Ru.
   376 | D        | Found a deep blue altar of Sif Muna.
   377 | D        | Found a bloodstained altar of Trog.
   378 | D        | Found a hide-covered altar of Uskayaw.
   379 | D        | Found a radiant altar of Vehumet.
   380 | D        | Found a shimmering altar of Xom.
   381 | D        | Found a basalt altar of Yredelemnul.
   383 | D        | Became a worshipper of Warmaster Okawaru
   385 | D        | Found a glowing silver altar of Zin.
   386 | D        | Found a glowing golden altar of the Shining One.
   523 | D        | Noticed a bullfrog
   523 | D        | Noticed a troll
   523 | D        | Noticed a hill giant
   526 | D        | Reached skill level 5 in Long Blades
   526 | D        | Reached skill level 1 in Armour
   526 | D        | Reached skill level 1 in Invocations
   526 | D        | Reached XP level 4. HP: 35/35 MP: 3/5
   527 | D        | Killed a bullfrog
   527 | D        | Reached skill level 6 in Long Blades
   527 | D        | Reached skill level 5 in Dodging
   527 | D        | Reached XP level 5. HP: 42/42 MP: 3/7
   529 | D        | Reached skill level 7 in Long Blades
   531 | D        | Killed a troll
   531 | D        | Reached * piety under Okawaru
   531 | D        | Reached skill level 9 in Long Blades
   531 | D        | Reached skill level 5 in Invocations
   531 | D        | Gained mutation: Your movements are slightly less encumbered by armour. (ER -2) [demonic ancestry]
   531 | D        | Reached XP level 6. HP: 50/50 MP: 3/10
   536 | D        | Slain by a hill giant

Vault maps used:
D:        linesprint

Skill      XL: |  1  2  3  4  5 |
---------------+----------------+-----
Dodging        | 3 4 5 |  5.9
Long Blades    | 3 4 5 6 9 |  9.6
Throwing       | 2 |  2.5
Fighting       | 3 4 |  4.8
Armour         | 1 2 |  2.1
Invocations    | 1 3 5 |  5.8

Action                   |  1- 3 |  4- 6 || total
-------------------------+-------+-------++-------
Melee: Long sword        |    54 |       ||    54
       Scimitar          |     2 |     8 ||    10
  Use: Potion            |     1 |       ||     1
Armor: Leather armour    |    17 |       ||    17
       Plate armour      |     1 |     1 ||     2
Dodge: Dodged            |    44 |       ||    44
